 Dungeon Crawl Stone Soup version 0.31-a0-1547-g618ab1f346 (webtiles) character file.

Game seed: 4422726992831469882

3060 Chqr the Covert (level 9, -11/39 HPs)
             Began as a Spriggan Enchanter on Jan 2, 2024.
             Was an Elder of Nemelex Xobeh.
             Mangled by a two-headed ogre
             ... wielding a +0 giant club
              (27 damage)
             ... on level 7 of the Dungeon.
             The game lasted 00:36:14 (7369 turns).

Chqr the Covert (Spriggan Enchanter)                Turns: 7369, Time: 00:36:14

Health: -11/39     AC:  2    Str:  4    XL:     9   Next: 57%
Magic:  16/29      EV: 22    Int: 17    God:    Nemelex Xobeh [****..]
Gold:   350        SH:  0    Dex: 19    Spells: 7/22 levels left

rFire   . . .        y - +2 dagger (venom)
rCold   + . .        (no shield)
rNeg    . . .        b - +0 robe
rPois   .            (helmet currently unavailable)
rElec   .            (cloak currently unavailable)
rCorr   .            (gloves unavailable)
SInv    +            (boots unavailable)
Will    +....        (no amulet)
Stlth   +++++        o - ring of protection from cold
HPRegen 0.26/turn    l - ring of magical power
MPRegen 0.21/turn

%: no passive effects
@: beast-form, very quick
A: beast (slay +3), very small, no large weapons, unfitting armour, see
invisible, speed 3
a: Begin Untransformation, Renounce Religion, Draw Escape, Draw Destruction,
Draw Summoning, Triple Draw, Deal Four


You were on level 7 of the Dungeon.
You worshipped Nemelex Xobeh.
Nemelex Xobeh was greatly pleased with you.
You were a hulking beast.
You visited 1 branch of the dungeon, and saw 7 of its levels.

You collected 350 gold pieces.

Inventory:

Hand Weapons
 n - a +0 dagger of venom
 y - a +2 dagger of venom (weapon)
Armour
 b - a +0 robe (worn)
Jewellery
 l - a ring of magical power (right hand)
 o - a ring of protection from cold (left hand)
Talismans
 g - a beast talisman (active)
 q - a dragon-blood talisman
Wands
 r - a wand of paralysis (6)
Scrolls
 d - 4 scrolls of identify {unknown}
 i - a scroll of poison {unknown}
 j - 2 scrolls of enchant armour {unknown}
 p - a scroll of fear {unknown}
 s - 2 scrolls of enchant weapon {unknown}
 t - 2 scrolls of teleportation {unknown}
 u - 3 scrolls of amnesia {unknown}
 w - 3 scrolls of vulnerability {unknown}
 x - a scroll of silence {unknown}
Potions
 a - 3 potions of heal wounds
 c - 2 potions of invisibility
 e - 2 potions of curing {unknown}
 f - 2 potions of degeneration {unknown}
 h - 4 potions of lignification {unknown}
 k - a potion of brilliance {unknown}
 m - 2 potions of cancellation {unknown}
 v - a potion of attraction {unknown}
 z - a potion of mutation {unknown}
 A - a potion of ambrosia {unknown}


   Skills:
 + Level 6.0 Short Blades
 + Level 7.7 Dodging
 + Level 9.7 Stealth
 + Level 7.1 Spellcasting
 + Level 7.4 Hexes
 + Level 6.2 Shapeshifting


You had 7 spell levels left.
You knew the following spells:

 Your Spells              Type           Power      Damage    Failure   Level
a - Ensorcelled Hibernat  Hex/Ice        36%        N/A       3%          2
b - Tukima's Dance        Hex            31%        N/A       1%          3
c - Confusing Touch       Hex            31%        N/A       1%          3
d - Sigil of Binding      Hex            31%        N/A       1%          3
e - Slow                  Hex            100%       N/A       1%          1
f - Dazzling Flash        Conj/Hex       36%        N/A       8%          3

Your spell library contained the following spells:

 Spells                   Type           Power      Damage    Failure   Level
 Foxfire                  Conj/Fire      24%        2x1d5     12%         1
 Freeze                   Ice            24%        1d4       12%         1
 Magic Dart               Conj           24%        1d4       12%         1
 Blink                    Tloc           12%        N/A       17%         2
 Lesser Beckoning         Tloc           12%        N/A       17%         2
 Momentum Strike          Conj/Tloc      12%        3d8       17%         2
 Searing Ray              Conj           12%        2d4       17%         2
 Frozen Ramparts          Ice            12%        1d2       34%         3
 Hailstorm                Conj/Ice       6%         3d5       34%         3
 Vampiric Draining        Necr           6%         2d6       34%         3
 Fulminant Prism          Conj/Alch      3%         3d5       75%         4
 Plasma Beam              Fire/Air       3%         2x1d13    100%        6
 Starburst                Conj/Fire      3%         6d3       100%        6


Dungeon Overview and Level Annotations

Branches:
Dungeon (7/15)             Temple (0/1) D:7

Altars:
Nemelex Xobeh
Trog
Yredelemnul
The Shining One

Shops:
D:5 *(

Annotations:
D:2 1 runed translucent door, Crazy Yiuf


Innate Abilities, Weirdness & Mutations

You are a hulking beast.
Your limbs bulge with bestial killing power. (Slay +3)
You are very small and have problems with some larger weapons.
You are too small for most types of armour.
You have supernaturally acute eyesight. (SInv)
You cover ground extremely quickly. (Speed+++)


Message History

Press: ? - help, Shift-Dir - straight line, f/p - two-headed ogre
Aim: a two-headed ogre, wielding two +0 giant clubs (bound in place, chance to affect: 33%)
The two-headed ogre easily resists.
Casting: Ensorcelled Hibernation (safe; 3% risk of failure)
Confirm with . or Enter, or press ? or * to list all spells.
Aiming: Ensorcelled Hibernation (safe; 3% risk of failure)
Press: ? - help, Shift-Dir - straight line, f/p - two-headed ogre
Aim: a two-headed ogre, wielding two +0 giant clubs (bound in place, chance to affect: 33%)
The two-headed ogre easily resists.
Casting: Ensorcelled Hibernation (safe; 3% risk of failure)
Confirm with . or Enter, or press ? or * to list all spells.
Aiming: Ensorcelled Hibernation (safe; 3% risk of failure)
Press: ? - help, Shift-Dir - straight line, f/p - two-headed ogre
Aim: a two-headed ogre, wielding two +0 giant clubs (bound in place, chance to affect: 33%)
The two-headed ogre easily resists.
Casting: Ensorcelled Hibernation (safe; 3% risk of failure)
Confirm with . or Enter, or press ? or * to list all spells.
Aiming: Ensorcelled Hibernation (safe; 3% risk of failure)
Press: ? - help, Shift-Dir - straight line, f/p - two-headed ogre
Aim: a two-headed ogre, wielding two +0 giant clubs (bound in place, chance to affect: 33%)
The two-headed ogre easily resists.
The two-headed ogre's lost momentum returns!
The two-headed ogre is no longer moving quickly.
There is a stone staircase leading up, spattered with blood here.
You draw a card...
You have drawn Pain.
Press: ? - help, Shift-Dir - straight line, f/p - two-headed ogre
Aim: a two-headed ogre, wielding two +0 giant clubs The two-headed ogre convulses!
Casting: Ensorcelled Hibernation (safe; 3% risk of failure)
Confirm with . or Enter, or press ? or * to list all spells.
Okay, then.
You draw a card...
You have drawn the Storm.
A fierce wind blows from the card.
The electrical discharge engulfs the two-headed ogre!!
The two-headed ogre is almost dead.
You hear mighty peals of thunder!
The two-headed ogre hits you with a +0 giant club!!
Ouch! That really hurt!
You die...
Your body glows slightly and disappears.

##### ##### ###.#.# ##...#
#.....## .....## ##......### ###
......# #.....#...###.##
....#####....###..##...# ###
....#..##.....)...#....#####.##
........#....)[<.......##.....##
...............[h............>.#
.....#...........O.#...........#
...#.#..................###...###
...#.#....................#......
.....#.).)[[.....................
.<........)......................
......(...#.................##...
..........#............##...##...
..........#...#.#......##..##....


You could see a two-headed ogre.

Vanquished Creatures
  Pikel (D:5)
  Prince Ribbit (D:5)
  Sigmund (D:2)
  2 water moccasins
  An ice beast (D:6)
  2 black bears
  An orc warrior (D:7)
  2 ogres (D:5)
  2 phantoms
  2 bullfrogs (D:6)
  2 scorpions
  5 wights (D:7)
  A bombardier beetle (D:3)
  2 hounds (D:6)
  A gnoll bouda (D:7)
  An orc priest (D:4)
  8 iguanas
  2 sleepcaps
  7 orc wizards
  A hound zombie (D:3)
  Robin (D:2)
  4 adders
  10 gnolls
  A shadow imp (D:5)
  2 ufetubi (D:6)
  An adder zombie (D:3)
  2 dart slugs (D:3)
  28 orcs
  8 endoplasms
  2 giant cockroaches
  18 goblins
  12 hobgoblins
  3 jackals (D:3)
  2 quokkas
  8 ball pythons
  3 bats
  A frilled lizard (D:3)
  6 kobolds
  A quokka zombie (D:3)
  3 rats
161 creatures vanquished.

Vanquished Creatures (collateral kills)
  2 orcs (D:7)
  A kobold (D:3)
3 creatures vanquished.

Grand Total: 164 creatures vanquished

Notes
Turn   | Place    | Note
-------+----------+-------------------------------------------
     0 | D:1      | Chqr the Spriggan Enchanter began the quest for the Orb.
     0 | D:1      | Reached XP level 1. HP: 9/9 MP: 5/5
   130 | D:1      | Reached XP level 2. HP: 13/13 MP: 6/6
   133 | D:1      | Learned a level 2 spell: Ensorcelled Hibernation
   564 | D:1      | Reached XP level 3. HP: 16/16 MP: 8/8
   687 | D:2      | Noticed Sigmund
   876 | D:2      | Found a faded altar of an unknown god.
   889 | D:2      | Prayed at the altar of an unknown god.
   889 | D:2      | Became a worshipper of Nemelex Xobeh the Trickster
   889 | D:2      | Reached * piety under Nemelex Xobeh
   946 | D:2      | Found a glowing golden altar of the Shining One.
  1023 | D:2      | Killed Sigmund
  1024 | D:2      | Reached skill level 5 in Stealth
  1024 | D:2      | Reached skill level 1 in Shapeshifting
  1024 | D:2      | Reached XP level 4. HP: 21/21 MP: 4/10
  1024 | D:2      | Reached XP level 5. HP: 24/24 MP: 4/11
  1111 | D:2      | Received a gift from Nemelex Xobeh
  1123 | D:2      | Killed Robin
  1241 | D:2      | Found a runed translucent door.
  1242 | D:2      | Noticed Crazy Yiuf
  1959 | D:3      | Reached XP level 6. HP: 18/28 MP: 6/13
  2133 | D:3      | Reached skill level 6 in Stealth
  2212 | D:3      | Learned a level 3 spell: Tukima's Dance
  2242 | D:3      | Reached ** piety under Nemelex Xobeh
  2298 | D:3      | Learned a level 3 spell: Confusing Touch
  2512 | D:3      | Found a basalt altar of Yredelemnul.
  2909 | D:3      | Learned a level 3 spell: Sigil of Binding
  3634 | D:4      | Reached skill level 5 in Hexes
  3796 | D:4      | Reached XP level 7. HP: 25/32 MP: 9/14
  4223 | D:4      | Reached skill level 5 in Dodging
  4245 | D:4      | Learned a level 1 spell: Slow
  4579 | D:5      | Entered Level 5 of the Dungeon
  4609 | D:5      | Reached skill level 7 in Stealth
  4634 | D:5      | Found Bafahoe's Weapon Shop.
  4635 | D:5      | Found Viuhi's Assorted Antiques.
  4859 | D:5      | Reached *** piety under Nemelex Xobeh
  4905 | D:5      | Received a gift from Nemelex Xobeh
  4908 | D:5      | Noticed Pikel
  4936 | D:5      | Killed Pikel
  4937 | D:5      | Reached skill level 5 in Spellcasting
  4937 | D:5      | Reached XP level 8. HP: 36/36 MP: 11/17
  5127 | D:5      | Reached skill level 8 in Stealth
  5491 | D:5      | Noticed Prince Ribbit
  5498 | D:5      | Killed Prince Ribbit
  5499 | D:5      | Reached skill level 5 in Short Blades
  5499 | D:5      | Reached skill level 5 in Shapeshifting
  5570 | D:5      | Found a bloodstained altar of Trog.
  5999 | D:6      | Reached XP level 9. HP: 39/39 MP: 19/19
  6145 | D:6      | Reached skill level 9 in Stealth
  6374 | D:6      | Learned a level 3 spell: Dazzling Flash
  6546 | D:7      | Found a staircase to the Ecumenical Temple.
  6913 | D:7      | Reached **** piety under Nemelex Xobeh
  7308 | D:7      | Noticed a two-headed ogre
  7369 | D:7      | Mangled by a two-headed ogre

Illustrated notes

Levels and vault maps discovered:
D:1:      saegor_arrival_miasma, layout_rooms, minmay_misc_feat_tower,
          minmay_misc_feat_rows
D:2:      layout_basic, basic_altar, basic_ecumenical_altar, minmay_tripent,
          uniq_robin, uniq_crazy_yiuf_cottage, uniq_sigmund
D:3:      layout_basic, nicolae_yredelemnul_corpse_copse,
          minmay_fractal_squares_5
D:4:      layout_basic, minmay_quadrilaterals
D:5:      layout_loops_ring, lemuel_coloured_pillars_altar,
          nicolae_wooded_promenade, uniq_pikel, uniq_prince_ribbit1
D:6:      layout_rooms, hex_intersection
D:7:      layout_cave_pools, minmay_temple_entry_grid, serial_shops,
          kennysheep_little_box, minmay_microvault

Skill      XL: |  1  2  3  4  5  6  7  8  9 |
---------------+----------------------------+-----
Dodging        | 3 4 5 6 7 |  7.7
Spellcasting   | 3 4 5 6 7 |  7.1
Hexes          | 4 5 6 7 |  7.4
Short Blades   | 2 3 4 5 6 |  6.0
Stealth        | 5 6 7 8 9 |  9.7
Shapeshifting  | 1 2 4 5 6 |  6.2

Action                     |  1- 3 |  4- 6 |  7- 9 || total
---------------------------+-------+-------+-------++-------
  Melee: Dagger            |    54 |   180 |   182 ||   416
         Short sword       |       |       |    38 ||    38
         Punch             |       |       |     4 ||     4
   Cast: Ensorcelled Hiber |    10 |    39 |    44 ||    93
         Tukima's Dance    |       |     3 |    11 ||    14
         Confusing Touch   |       |     2 |     4 ||     6
         Sigil of Binding  |       |       |     3 ||     3
 Invoke: Draw Destruction  |       |     1 |     2 ||     3
    Use: Potion            |       |     1 |       ||     1
   Stab: Sleeping          |    14 |    21 |    27 ||    62
         Confused          |       |       |     3 ||     3
 Armour: Robe              |    10 |    51 |    61 ||   122
  Dodge: Dodged            |    29 |   106 |   142 ||   277
   Form: Beast             |     1 |       |       ||     1

Table legend: (Time is in decaauts)
 A = Elapsed time spent in this place.
 B = Non-inter-level travel time spent in this place.
 C = Inter-level travel time spent in this place.
 D = Time resting spent in this place.
 E = Time spent auto-exploring this place.
 F = Levels seen in this place.
 G = Mean time per level.
                   A        B        C        D        E       F      G
               +--------+--------+--------+--------+--------+-----+--------+
         Total |   5331 |   5159 |    172 |    756 |   2978 |   7 |  761.6 |
       Dungeon |   5331 |   5159 |    172 |    756 |   2978 |   7 |  761.6 |
               +--------+--------+--------+--------+--------+-----+--------+

Top non-repeatable levels by time:
     D:3: 1173 daAuts
     D:4: 934 daAuts
     D:5: 843 daAuts
     D:2: 703 daAuts
     D:6: 607 daAuts
     D:7: 589 daAuts
     D:1: 479 daAuts
